 Dungeon Crawl Stone Soup version 0.20-a0-465-g6513c8f (webtiles) character file.

945 HarryHood the Skirmisher (level 8, -4/51 HPs)
             Began as a Gargoyle Fighter on Jan 12, 2017.
             Killed from afar by Dowan (26 damage)
             ... with a shard of ice
             ... on level 4 of the Dungeon.
             The game lasted 00:12:13 (3124 turns).

HarryHood the Skirmisher (Gargoyle Fighter)         Turns: 3124, Time: 00:12:14

Health: -4/51      AC: 16    Str: 20    XL:     8   Next: 13%
Magic:  8/8        EV:  6    Int:  9    God:
Gold:   152        SH:  9    Dex: 11    Spells: 7/7 levels left

rFire  + . .     SeeInvis .     a - +0 flail
rCold  x . .     Gourm    .     l - +0 chain mail
rNeg   + + .     Faith    .     c - +0 shield
rPois  ∞         Spirit   .     (no helmet)
rElec  +         Reflect  .     (no cloak)
rCorr  .         Harm     .     s - +0 pair of gloves
MR     .....                    (no boots)
Stlth  ..........               (no amulet)
                                h - ring of fire
                                k - ring of positive energy

@: no status effects
A: negative energy resistance 1, electricity resistance, unbreathing,
petrification resistance, rot immunity, AC +5
a: no special abilities


You were on level 4 of the Dungeon.
You were hungry.

You visited 1 branch of the dungeon, and saw 6 of its levels.

You collected 152 gold pieces.

Inventory:

Hand Weapons
 a - a +0 flail (weapon)
 n - a +1 mace of protection
Armour
 c - a +0 shield (worn)
 l - a +0 chain mail (worn)
 s - a +0 pair of gloves (worn)
Jewellery
 h - a ring of fire (right hand)
 k - a ring of positive energy (left hand)
Scrolls
 b - a scroll of magic mapping {unknown}
 i - a scroll of blinking {unknown}
Potions
 d - a potion of might
 e - a potion of magic
 m - a potion of flight {unknown}
 q - a potion of lignification {unknown}
 r - a potion of heal wounds {unknown}
Books
 o - a book of Misfortune

   Spells                             Type                      Level
   a - Confusing Touch                Hexes                        1
   b - Confuse                        Hexes                        3
   c - Gell's Gravitas                Hexes/Translocation          3
   d - Petrify                        Transmutation/Earth          4
   e - Metabolic Englaciation         Hexes/Ice                    5
   f - Yara's Violent Unravelling     Hexes/Transmutation          5
Comestibles
 f - 6 bread rations {@e1}
 g - 6 meat rations {@e1}
 j - 3 beef jerkies {@e2}
 p - 13 chunks of flesh


   Skills:
 - Level 6.0 Fighting
 - Level 6.0 Maces & Flails
 - Level 6.0 Armour
 * Level 1.7 Dodging
 - Level 3.2 Shields


You had 7 spell levels left.
You didn't know any spells.

Dungeon Overview and Level Annotations

Branches:
Dungeon (6/15)
 Temple: D:4-7

Altars:

Annotations:
D:4 Dowan


Innate Abilities, Weirdness & Mutations

You are resistant to torment.
Your stone body is resilient. (AC +5)
You are immune to poison.
You resist negative energy. (rN+)
You are resistant to electric shocks. (rElec)
You can survive without breathing.
You are immune to petrification.
You are immune to rotting.


Message History

You closely miss Dowan. Dowan hits you but does no damage.
You block Dowan's attack.
You hit Dowan.
Dowan is lightly wounded.
Dowan mumbles some strange words.
Dowan blinks!
You miss Dowan. Dowan barely misses you.
You closely miss Dowan. Dowan hits you but does no damage.
You block Dowan's attack.
You closely miss Dowan. Dowan gestures at you while chanting.
You block the shard of ice. Dowan hits you but does no damage.
You hit Dowan but do no damage.
Dowan points at you and mumbles some strange words.
The stone arrow hits you!
You closely miss Dowan. Dowan gestures at you while chanting.
The shard of ice hits you!
You feel a painful chill!
Ouch! That really hurt!
You die...

####### #####
#.....# #...#
#.....# #...#
#.....# #...#
#.....# #...###
###.####
#.....###...# ##
#.e....#....# ##.
#.@.#..#....# ##..
#...#..#....####..#
#...##.).###......<
#...##.#..##.#.#.##
######.#.......#..#
#..............#
#.......#####...
##.........##...
##.......##......


You could see Dowan.

Vanquished Creatures
  The ghost of terra52 the Conjurer, an amateur OpCj (D:3)
  Duvessa (D:4)
  A sky beast (D:6)
  A centaur (D:5)
  Blork the orc (D:4)
  A scorpion (D:4)
  The ghost of Spectrina the Cudgeler, a weakling FoMo of Elyvilon (D:4)
  A hound (D:4)
  An orc wizard (D:4)
  3 worker ants
  A hound zombie (D:5)
  A howler monkey zombie (D:6)
  11 adders
  An ooze (D:3)
  An adder skeleton (D:2)
  A worm (D:4)
  3 dart slugs
  2 leopard geckos
  4 orcs
  2 ball pythons
  A bat skeleton (D:2)
  6 giant cockroaches
  8 goblins
  5 hobgoblins
  6 jackals (D:1)
  4 quokkas
  A ball python zombie (D:2)
  9 bats
  5 frilled lizards
  8 kobolds
  A quokka skeleton (D:4)
  A quokka zombie (D:2)
  6 rats
100 creatures vanquished.

Vanquished Creatures (others)
  4 toadstools (D:1)
4 creatures vanquished.

Grand Total: 104 creatures vanquished

Notes
Turn   | Place    | Note
-------+----------+-------------------------------------------
     0 | D:1      | HarryHood the Gargoyle Fighter began the quest for the Orb.
     0 | D:1      | Reached XP level 1. HP: 14/14 MP: 1/1
    74 | D:1      | Reached XP level 2. HP: 17/20 MP: 2/2
   165 | D:1      | Reached skill level 4 in Fighting
   430 | D:1      | Reached XP level 3. HP: 24/24 MP: 3/3
   774 | D:2      | Reached skill level 5 in Fighting
   867 | D:2      | Reached XP level 4. HP: 31/31 MP: 4/4
  1287 | D:2      | Reached skill level 6 in Fighting
  1478 | D:3      | Reached XP level 5. HP: 36/36 MP: 5/5
  1742 | D:3      | Noticed terra52's ghost (amateur OpCj)
  1763 | D:3      | Killed terra52's ghost
  1763 | D:3      | Reached skill level 4 in Maces & Flails
  1763 | D:3      | Reached XP level 6. HP: 20/41 MP: 6/6
  2196 | D:4      | Noticed Spectrina's ghost (weakling FoMo)
  2271 | D:4      | Reached skill level 5 in Maces & Flails
  2368 | D:4      | Noticed Blork the orc
  2392 | D:4      | Killed Spectrina's ghost
  2392 | D:4      | Reached XP level 7. HP: 32/46 MP: 7/7
  2417 | D:4      | Killed Blork the orc
  2417 | D:4      | Reached skill level 6 in Maces & Flails
  2628 | D:4      | You fall through a shaft for 2 floors!
  2654 | D:6      | Reached skill level 4 in Armour
  2688 | D:5      | Entered Level 5 of the Dungeon
  2738 | D:5      | Reached skill level 5 in Armour
  3071 | D:4      | Reached skill level 6 in Armour
  3071 | D:4      | Reached XP level 8. HP: 47/51 MP: 8/8
  3091 | D:4      | Noticed Duvessa
  3108 | D:4      | Killed Duvessa
  3108 | D:4      | Reached skill level 1 in Dodging
  3110 | D:4      | Noticed Dowan
  3124 | D:4      | Killed from afar by Dowan

Vault maps used:
D:1:      ldierk_walled_garden_2, st_stairs_10, minmay_pentomino_s2
D:2:      serial_undead, serial_undead_a, serial_undead_d, serial_undead_e,
          serial_undead_a, serial_undead_f, serial_undead_a, first_bread,
          minmay_misc_feat_hallway
D:3:      kennysheep_potato
D:4:      uniq_duvessa, uniq_blork_the_orc
D:5:      lemuel_doored_altar
D:6:      nicolae_overflow_hidden_temple, minmay_misc_feat_plants

Skill      XL: |  1  2  3  4  5  6  7  8 |
---------------+-------------------------+-----
Fighting       | 4 5 6 |  6.0
Maces & Flails | 4 5 6 |  6.0
Armour         | 6 |  6.0
Dodging        | 1 |  1.7
Shields        | |  3.2

Action                   |  1- 3 |  4- 6 |  7- 9 || total
-------------------------+-------+-------+-------++-------
Melee: Flail             |   119 |   250 |   163 ||   532
  Use: Scroll            |     1 |     4 |       ||     5
  Eat: Chunk             |       |     6 |     2 ||     8
Armor: Scale mail        |    55 |       |       ||    55
       Chain mail        |    20 |   179 |   123 ||   322
Dodge: Dodged            |    35 |    64 |    31 ||   130
Block: Shield            |    57 |   174 |    62 ||   293
